Unix NetHack Version 5.0.0-0 post-release - last build May 30 2026 05:04:26 (55804bc15828dd6e32e9076e0726aa6fccb6e981,branch:main).

Game began 2026-05-30 16:15:56, ended 2026-05-30 16:28:35.

Japes, lawful female human Valkyrie

                                      ------
                                      |....|
                                      |....|
                                      |..<.|
                                      |o...|
                                      .e@..|
                                      ---+--

Japes the Skirmisher        St:17 Dx:12 Co:19 In:10 Wi:8 Ch:12  Lawful
Dlvl:3  $:64 HP:0(48) Pw:6(6) AC:6  Xp:3/47 T:1561 

Latest messages:
 The gecko bites!
 The gecko bites!
 The gecko bites!
 The gecko bites!
 The gecko bites!
 The gecko bites!
 The gecko bites!
 The gecko bites!
 The gecko bites!
 The gecko bites!
 The gecko bites!
 The gecko bites!
 You hear someone cursing shoplifters.
 The gecko bites!
 The gecko bites!
 The gecko bites!
 The gecko bites!
 The gecko bites!
 The gecko bites!
 The gecko bites!
 The gecko bites!
 The gecko bites!
 The gecko bites!
 The gecko bites!
 The gecko bites!
 You can move again.
 You hit the gecko.
 You miss the gecko.
 The gecko bites!
 You hit the gecko.
 You miss the gecko.
 The gecko bites!
 You kill the gecko!
 You hit the floating eye.
 You are frozen by the floating eye's gaze!
 You hear someone counting gold coins.
 You hear the footsteps of a guard on patrol.
 You hear a door open.
 The goblin hits!
 The goblin hits!
 The goblin hits!
 The goblin hits!
 The goblin hits!
 The goblin hits!
 The goblin hits!
 The goblin hits!
 The goblin hits!
 You die...
 Do you want your possessions identified? [ynq] (y)
 Do you want to see your attributes? [ynq] (y)

Inventory:
 Coins    ('$')
  $ - 64 gold pieces
 Weapons  (')')
  l - 8 +0 arrows
  a - a +1 spear (alternate weapon; not wielded)
 Armor    ('[')
  c - an uncursed +3 small shield (being worn)
 Comestibles  ('%')
  d - an uncursed food ration
 Rings    ('=')
  o - an uncursed +1 ring of gain constitution (on right hand)
 Wands    ('/')
  q - a wand of speed monster (0:5)
 Tools    ('(')
  j - a tinning kit (0:76)
 Gems/Stones  ('*')
  f - an uncursed worthless piece of green glass
  g - an uncursed worthless piece of yellowish brown glass

Japes the Valkyrie's attributes:

Background:
 You were a Skirmisher, a level 3 human Valkyrie.
 You were lawful, on a mission for Tyr
 who was opposed by Odin (neutral) and Loki (chaotic).
 You were right-handed.
 You were in the Dungeons of Doom, on level 3.
 You entered the dungeon 1561 turns ago.
 You had 47 experience points, 33 more were needed to attain level 4.

Basics:
 You had 0 out of 48 hit points.
 You had all 6 energy points (spell power).
 Your armor class was 6.
 Your wallet contained 64 zorkmids.
 Autopickup was on for '$' plus thrown.

Final Characteristics:
 Your strength was 17 (limit:18/100).
 Your dexterity was 12 (limit:18).
 Your constitution was 19 (base:18, innate limit:18).
 Your intelligence was 10 (limit:18).
 Your wisdom was 8 (limit:18).
 Your charisma was 12 (limit:18).

Final Status:
 You weren't hungry.
 You were unencumbered.
 You were bare handed.
 You were unskilled in bare handed combat.

Final Attributes:
 You were devoutly aligned.
 You were cold resistant.
 You were stealthy.
 You are dead.

Miscellaneous:
 You didn't encounter any bones levels.
 Total elapsed playing time was 12 minutes and 38 seconds.

Major events:
 Turn
    1: Japes the lawful human Valkyrie entered the dungeon
 1200: attained the rank of Skirmisher (level 3)
 1561: killed by a goblin, while frozen by a floating eye's gaze

You didn't know any spells.

Skills:
 Fighting Skills
   bare handed combat [Unskilled]
   two weapon combat  [Unskilled]
   riding             [Unskilled]
 Weapon Skills
   dagger             [Basic]
   axe                [Unskilled]
   pick-axe           [Unskilled]
   short sword        [Unskilled]
   broadsword         [Unskilled]
   long sword         [Unskilled]
   two-handed sword   [Unskilled]
   saber              [Unskilled]
   hammer             [Unskilled]
   quarterstaff       [Unskilled]
   polearms           [Unskilled]
   spear              [Basic]
   trident            [Unskilled]
   lance              [Unskilled]
   sling              [Unskilled]
 Spellcasting Skills
   attack spells      [Unskilled]
   escape spells      [Unskilled]

Voluntary challenges:
 Character rerolling was not enabled.
 You followed a strict vegan diet.
 You never genocided any monsters.
 You never polymorphed an object.
 You never changed form.
 You used no wishes.
Achievement:
 You attained the rank of Skirmisher.

 The Dungeons of Doom: levels 1 to 3
    Level 1:
       An altar to Tyr, some fountains.
    Level 2:
       A fountain.
    Level 3: <- You were here.
       Final resting place for
          you, killed by a goblin, while frozen by a floating eye's gaze.


Vanquished creatures:
  a green mold
  a gecko
  5 jackals
  3 kobolds
  a goblin
  4 grid bugs
  4 lichens
  a kobold zombie
  3 newts
23 creatures vanquished.

No species were genocided or became extinct.

Game over:
                       ----------
                      /          \
                     /    REST    \
                    /      IN      \
                   /     PEACE      \
                  /                  \
                  |      Japes       |
                  |      64 Au       |
                  |   killed by a    |
                  |      goblin      |
                  |                  |
                  |                  |
                  |       2026       |
                 *|     *  *  *      | *
        _________)/\\_//(\/(/\)/\//\/|_)_______

Farvel Japes the Valkyrie...

You died in The Dungeons of Doom on dungeon level 3 with 376 points,
and 64 pieces of gold, after 1561 moves.
You were level 3 with a maximum of 48 hit points when you died.

